 Dungeon Crawl Stone Soup version 0.14-a0-1876-g927fc3a (webtiles) character file.

1300 Kae the Martial Artist (level 8, -7/59 HPs)
             Began as a Mottled Draconian Transmuter on Jan 14, 2014.
             Was an Initiate of Sif Muna.
             Mangled by a gnoll
             ... wielding a +0,+0 spear
              (9 damage)
             ... on Level 5 of the Dungeon.
             The game lasted 00:10:22 (6042 turns).

Kae the Martial Artist (DrTm)                       Turns: 6042, Time: 00:10:23

HP  -7/59        AC  2     Str 12      XL: 8   Next: 13%
MP  11/13        EV 19     Int 14      God: Sif Muna [......]
Gold 172         SH  0     Dex 19      Spells:  3 memorised,  5 levels left

rFire  . . .     SeeInvis .       - Unarmed
rCold  . . .     Clarity  .     (armour unavailable)
rNeg   . . .     Conserve .     (shield currently unavailable)
rPois  x         rCorr    .     (helmet currently unavailable)
rElec  .         rRot     .     v - melded +0 cloak
SustAb . .       Spirit   .     p - melded +0 pair of gloves
rMut   .         Warding  .     (boots currently unavailable)
Saprov . . .     Stasis   .     (no amulet)
MR     .....                    (no ring)
                                (no ring)

@: spider-form (expiring), quite poisoned, quick, not resistant to hostile
enchantments, unstealthy
A: (breathe sticky flames), unfitting armour, AC +6
a: End Transformation, Renounce Religion


You were on level 5 of the Dungeon.
You worshipped Sif Muna.
Sif Muna was noncommittal.
You were hungry.
You were in spider-form.
You visited 2 branches of the dungeon, and saw 6 of its levels.

You collected 172 gold pieces.

Inventory:

Missiles
 b - 75 arrows
Armour
 p - a +0 pair of gloves (melded)
 v - a +0 cloak (melded)
Magical devices
 n - a wand of polymorph (6)
Comestibles
 a - 6 bread rations
 i - 2 meat rations
 w - a chunk of adder flesh
Scrolls
 e - 4 scrolls of identify
 f - 2 scrolls of blinking
 g - a scroll of magic mapping {unknown}
 j - a scroll of teleportation
 o - a scroll of noise {unknown}
 q - 5 scrolls of remove curse {unknown}
 r - 2 scrolls of curse weapon {unknown}
 u - a scroll of amnesia
Jewellery
 t - a cursed -3 ring of evasion {unknown}
Potions
 c - 5 potions of curing
 h - a potion of confusion {unknown}
 k - a potion of heal wounds {unknown}
 l - a potion of speed {unknown}
 m - a potion of invisibility {unknown}
 s - a potion of poison {unknown}
Books
 d - a book of Changes

   Spells                             Type                      Level
   *Beastly Appendage                 Transmutation                1
   *Sticks to Snakes                  Transmutation                2
   *Spider Form                       Transmutation/Poison         3
   Ice Form                           Ice/Transmutation            4
   Blade Hands                        Transmutation                5


   Skills:
 - Level 1.1 Fighting
 - Level 1.7 Dodging
 * Level 8.6 Unarmed Combat
 - Level 2.0 Spellcasting
 + Level 5.6 Transmutations


You had 5 spell levels left.
You knew the following spells:

 Your Spells              Type           Power        Failure   Level  Hunger
a - Beastly Appendage     Trmt           ###...       10%         1    ##.....
b - Sticks to Snakes      Trmt           ###.......   12%         2    ###....
c - Spider Form           Trmt/Pois      #.........   45%         3    ####...


Dungeon Overview and Level Annotations

Branches:
Dungeon (5/16)             Temple (1/1) D:5

Altars:
Fedhas
Nemelex Xobeh
Sif Muna
Vehumet

Annotations:
D:3 Sigmund


Message History

The gnoll closely misses you.
You barely miss the gnoll.
The gnoll is almost dead.
You feel sick. The gnoll misses you.
You bite the gnoll!
You kill the gnoll!
You feel sick. The gnoll barely misses you.
You feel sick.
The gnoll hits you from afar with a spear!
* * * LOW HITPOINT WARNING * * *
The gnoll hits you with a spear.
* * * LOW HITPOINT WARNING * * *
Items here: $ %% )))) [[ You closely miss the gnoll.
* * * LOW HITPOINT WARNING * * *
You feel sick.
The gnoll hits you from afar with a spear.
* * * LOW HITPOINT WARNING * * *
The gnoll hits you with a spear!
You die...

############ ............#
............# ............#
.............#
.#############........)....#
#..........)sggg.......<....#
.........######..............
#........# #.#########....
#..>.....# #.# #.... #........#
#.# #.... #........# #.# #....
#........# #.# #....
####........######.#########....
................................


You could see 3 gnolls.

Vanquished Creatures
  Edmund (D:5)
  A centaur (D:5)
  A phantom (D:4)
  An ogre (D:5)
  A crimson imp (D:5)
  A giant frog zombie (D:5)
  4 hounds (D:4)
  A gnoll shaman (D:5)
  An orc priest (D:5)
  3 orc wizards
  A scorpion (D:5)
  4 worker ants
  Ijyb (D:3)
  The ghost of timbw the Firebug, a weakling HuFE (D:3)
  Terence (D:2)
  A hound skeleton (D:4)
  3 gnolls (D:5)
  6 adders
  3 giant mites
  3 worms
  An adder skeleton (D:4)
  An iguana skeleton (D:4)
  A giant gecko (D:2)
  An ooze (D:4)
  20 orcs
  3 ball pythons
  A bat skeleton (D:4)
  7 hobgoblins
  2 jackals (D:3)
  5 quokkas
  11 bats
  9 giant newts
  10 goblins
  A goblin skeleton (D:4)
  A hobgoblin skeleton (D:5)
  11 kobolds
  A kobold skeleton (D:4)
  8 rats
133 creatures vanquished.

Vanquished Creatures (others)
  A crimson imp (D:5)
1 creature vanquished.

Grand Total: 134 creatures vanquished

Notes
Turn   | Place    | Note
--------------------------------------------------------------
     0 | D:1      | Kae, the Draconian Transmuter, began the quest for the Orb.
     0 | D:1      | Reached XP level 1. HP: 16/16 MP: 3/3
   284 | D:1      | Reached XP level 2. HP: 20/23 MP: 4/4
   992 | D:2      | Reached XP level 3. HP: 25/28 MP: 6/6
  1065 | D:2      | Reached skill level 4 in Unarmed Combat
  1189 | D:2      | Noticed Terence
  1221 | D:2      | Killed Terence
  1516 | D:2      | Reached XP level 4. HP: 30/35 MP: 5/7
  1752 | D:3      | Noticed Sigmund
  2089 | D:3      | Noticed timbw's ghost (weakling HuFE)
  2121 | D:3      | Killed timbw's ghost
  2406 | D:3      | Noticed Ijyb
  2429 | D:3      | Killed Ijyb
  2675 | D:3      | Reached skill level 5 in Unarmed Combat
  2751 | D:3      | Reached XP level 5. HP: 40/40 MP: 9/9
  3568 | D:4      | Reached XP level 6. HP: 39/47 MP: 10/10
  3622 | D:4      | Learned a level 2 spell: Sticks to Snakes
  3626 | D:4      | Learned a level 3 spell: Spider Form
  3823 | D:4      | Reached skill level 6 in Unarmed Combat
  4225 | D:4      | Noticed a phantom
  4256 | D:4      | Killed a phantom
  4618 | D:5      | Entered Level 5 of the Dungeon
  4716 | D:5      | Your scales start taking on a weird mottled pattern.
  4716 | D:5      | Reached XP level 7. HP: 38/52 MP: 12/12
  4828 | D:5      | Noticed Edmund
  4861 | D:5      | Killed Edmund
  4861 | D:5      | Reached skill level 7 in Unarmed Combat
  5086 | D:5      | Reached skill level 5 in Transmutations
  5525 | D:5      | Reached skill level 8 in Unarmed Combat
  5674 | D:5      | Found a staircase to the Ecumenical Temple.
  5732 | Temple   | Entered the Ecumenical Temple
  5740 | Temple   | Became a worshipper of Sif Muna the Loreminder
  5832 | D:5      | Reached XP level 8. HP: 55/59 MP: 13/13
  6042 | D:5      | HP: 2/59 [gnoll/spear (6)]
  6042 | D:5      | Mangled by a gnoll

Action                   |  1- 3 |  4- 6 |  7- 9 || total
-------------------------+-------+-------+-------++-------
Melee: Unarmed           |   155 |   304 |   142 ||   601
 Cast: Beastly Appendage |    13 |    20 |    11 ||    44
       Spider Form       |       |       |     3 ||     3
 Abil: Breathe Sticky Fl |       |       |     2 ||     2
  Use: Scroll            |       |     4 |       ||     4
       Potion            |       |     1 |       ||     1
 Stab: Sleeping          |       |     1 |       ||     1
